BSA
ST. LOUIS BROWNS @ NASHVILLE G-STRINGS
09/04/2030
 
TOP OF THE 1ST
St. Louis Browns batting - Pitching for Nashville G-Strings : LHP Kip Manning
Pitching: LHP Kip Manning
Batting: SHB Tim Reid 0-0: Called Strike
0-1: Ball
1-1: Ball
2-1: Ball
3-1: Base on Balls
Batting: RHB Roberto Cardona 0-0: Foul Ball, location: 2F
0-1: Foul Ball, location: 2F
0-2: Strikes out swinging
Batting: RHB Jeff Jones 0-0: Called Strike
0-1: Ball
1-1: Foul Ball, location: 2F
1-2: SINGLE (Groundball, 34D)
Tim Reid to second
Runner from 2nd tries for 3rd, SAFE, throw made to third
Batting: RHB Carlos Alfaro 0-0: Foul Ball, location: 2F
0-1: Fly out, F7 (Flyball, 78M)
Batting: LHB Norberto Muńóz 0-0: Called Strike
0-1: Fly out, F5 (Popup, 5SF)
Top of the 1st over - 0 runs, 1 hit, 0 errors, 2 left on base; St. Louis 0 - Nashville 0
BOTTOM OF THE 1ST
Nashville G-Strings batting - Pitching for St. Louis Browns : LHP Bernardo Miranda
Pitching: LHP Bernardo Miranda
Batting: RHB Eric Thompson 0-0: Fly out, F7 (Flyball, 7D)
Batting: RHB Jesús Cabrera 0-0: Called Strike
0-1: Ball
1-1: Ball
2-1: DOUBLE (Line Drive, 7LD)
Batting: RHB Sergio Márquez 0-0: Swinging Strike
0-1: Ball
1-1: Ball
2-1: Swinging Strike
2-2: Foul Ball, location: 2F
2-2: Ball
3-2: Ground out 6-3 (Groundball, 6)
Jesús Cabrera to third
Batting: SHB Rob Grun 0-0: Ball
1-0: Ball
2-0: Ball
3-0: Called Strike
3-1: Foul Ball, location: 2F
3-2: SINGLE (Groundball, 56D)
Jesús Cabrera scores
Batting: LHB Bob Cunningham 0-0: Ball
Rob Grun steals 2nd base
1-0: Swinging Strike
1-1: Foul Ball, location: 2F
1-2: Ball
2-2: Foul Ball, location: 2F
2-2: Strikes out swinging
Bottom of the 1st over - 1 run, 2 hits, 0 errors, 1 left on base; St. Louis 0 - Nashville 1
TOP OF THE 2ND
St. Louis Browns batting - Pitching for Nashville G-Strings : LHP Kip Manning
Batting: LHB Robin Hill 0-0: Ball
1-0: Ball
2-0: Ball
3-0: Called Strike
3-1: Base on Balls
Batting: LHB Miguel Medellín 0-0: Ground out U3 (Groundball, 3S)
Robin Hill to second
Batting: LHB Dave Watson 0-0: Ball
1-0: Called Strike
1-1: Ball
2-1: Ground out 4-3 (Groundball, 34)
Robin Hill to third
Batting: LHB Junior Coates 0-0: Called Strike
0-1: Ball
1-1: Called Strike
1-2: Strikes out swinging
Top of the 2nd over - 0 runs, 0 hits, 0 errors, 1 left on base; St. Louis 0 - Nashville 1
BOTTOM OF THE 2ND
Nashville G-Strings batting - Pitching for St. Louis Browns : LHP Bernardo Miranda
Batting: SHB Jorge Flores 0-0: Ball
1-0: Ball
2-0: Swinging Strike
2-1: Called Strike
2-2: Fly out, F8 (Flyball, 78D)
Batting: SHB Ricardo Arévalo 0-0: Called Strike
0-1: Ball
1-1: Called Strike
1-2: Fly out, F7 (Flyball, 7LS)
Batting: LHB Miguel Rivería 0-0: Called Strike
0-1: Fly out, F4 (Popup, 23)
Bottom of the 2nd over - 0 runs, 0 hits, 0 errors, 0 left on base; St. Louis 0 - Nashville 1
TOP OF THE 3RD
St. Louis Browns batting - Pitching for Nashville G-Strings : LHP Kip Manning
Batting: SHB Tim Reid 0-0: Called Strike
0-1: Foul Ball, location: 2F
0-2: Strikes out swinging
Batting: RHB Roberto Cardona 0-0: Ground out 5-3 (Groundball, 5S)
Batting: RHB Jeff Jones 0-0: Ball
1-0: Foul Ball, location: 2F
1-1: Ball
2-1: Called Strike
2-2: Ball
3-2: Base on Balls
Batting: RHB Carlos Alfaro 0-0: Ground out 5-3 (Groundball, 56S)
Top of the 3rd over - 0 runs, 0 hits, 0 errors, 1 left on base; St. Louis 0 - Nashville 1
BOTTOM OF THE 3RD
Nashville G-Strings batting - Pitching for St. Louis Browns : LHP Bernardo Miranda
Batting: RHB Vicente Aguirre 0-0: Ball
1-0: Ball
2-0: Called Strike
2-1: Called Strike
2-2: Fly out, F9 (Flyball, 9D)
Batting: RHB Eric Thompson 0-0: Foul Ball, location: 2F
0-1: Fly out, F8 (Flyball, 8LD)
Batting: RHB Jesús Cabrera 0-0: Ball
1-0: Foul Ball, location: 2F
1-1: Ball
2-1: Ball
3-1: Base on Balls
Batting: RHB Sergio Márquez 0-0: Ball
1-0: Called Strike
1-1: Called Strike
1-2: Foul Ball, location: 2F
1-2: Foul Ball, location: 2F
1-2: Foul Ball, location: 2F
1-2: Fielders Choice at 2nd, 5-4 (Groundball, 56)
Bottom of the 3rd over - 0 runs, 0 hits, 0 errors, 1 left on base; St. Louis 0 - Nashville 1
TOP OF THE 4TH
St. Louis Browns batting - Pitching for Nashville G-Strings : LHP Kip Manning
Batting: LHB Norberto Muńóz 0-0: Called Strike
0-1: Ball
1-1: Fly out, F9 (Flyball, 89S)
Batting: LHB Robin Hill 0-0: Reached on error, E8 (Flyball, 8RM)
Batting: LHB Miguel Medellín 0-0: Ball
1-0: Ball
2-0: Foul Ball, location: 2F
2-1: Swinging Strike
2-2: Foul Ball, location: 2F
2-2: Ball
3-2: Ground out 3-1 (Groundball, 3L)
Robin Hill to second
Batting: LHB Dave Watson 0-0: Foul Ball, location: 2F
0-1: Foul Ball, location: 2F
0-2: Strikes out swinging
Top of the 4th over - 0 runs, 0 hits, 1 error, 1 left on base; St. Louis 0 - Nashville 1
BOTTOM OF THE 4TH
Nashville G-Strings batting - Pitching for St. Louis Browns : LHP Bernardo Miranda
Batting: SHB Rob Grun 0-0: Ball
1-0: Foul Ball, location: 2F
1-1: Foul Ball, location: 2F
1-2: Ball
2-2: Strikes out swinging
Batting: LHB Bob Cunningham 0-0: Ball
1-0: Called Strike
1-1: Ball
2-1: Foul Ball, location: 2F
2-2: Ground out U3 (Groundball, 34)
Batting: SHB Jorge Flores 0-0: Called Strike
0-1: Ball
1-1: Fly out, F9 (Flyball, 9S)
Bottom of the 4th over - 0 runs, 0 hits, 0 errors, 0 left on base; St. Louis 0 - Nashville 1
TOP OF THE 5TH
St. Louis Browns batting - Pitching for Nashville G-Strings : LHP Kip Manning
Batting: LHB Junior Coates 0-0: Fly out, F7 (Line Drive, 7LM)
Batting: SHB Tim Reid 0-0: Ball
1-0: Ball
2-0: Ball
3-0: Called Strike
3-1: Base on Balls
Batting: RHB Roberto Cardona 0-0: Ball
1-0: Called Strike
1-1: Foul Ball, location: 2F
1-2: Foul Ball, location: 2F
1-2: Foul Ball, location: 2F
1-2: Ball
2-2: Foul Ball, location: 2F
2-2: Ball
3-2: Foul Ball, location: 2F
3-2: Base on Balls
Tim Reid to second
Batting: RHB Jeff Jones 0-0: Ball
1-0: Ball
2-0: Ball
3-0: Base on Balls
Tim Reid to third
Roberto Cardona to second
Batting: RHB Carlos Alfaro 0-0: GRAND SLAM HOME RUN (Flyball, 7LD), Distance : 378 ft
Batting: LHB Norberto Muńóz 0-0: Ball
1-0: Swinging Strike
1-1: Called Strike
1-2: Ground out 4-3 (Groundball, 4)
Batting: LHB Robin Hill 0-0: Ball
1-0: Ball
2-0: Foul Ball, location: 2F
2-1: Ground out 6-3 (Groundball, 6)
Top of the 5th over - 4 runs, 1 hit, 0 errors, 0 left on base; St. Louis 4 - Nashville 1
BOTTOM OF THE 5TH
Nashville G-Strings batting - Pitching for St. Louis Browns : LHP Bernardo Miranda
Batting: SHB Ricardo Arévalo 0-0: Called Strike
0-1: Swinging Strike
0-2: Ball
1-2: Strikes out swinging
Batting: LHB Miguel Rivería 0-0: Foul Ball, location: 2F
0-1: Ball
1-1: Ball
2-1: Ground out U3 (Groundball, 3L)
Batting: RHB Vicente Aguirre 0-0: Ball
1-0: Foul Ball, location: 2F
1-1: Foul Ball, location: 2F
1-2: Ground out 5-3 (Groundball, 5S)
Bottom of the 5th over - 0 runs, 0 hits, 0 errors, 0 left on base; St. Louis 4 - Nashville 1
TOP OF THE 6TH
St. Louis Browns batting - Pitching for Nashville G-Strings : LHP Kip Manning
Batting: LHB Miguel Medellín 0-0: Swinging Strike
0-1: Foul Ball, location: 2F
0-2: Ball
1-2: Ball
2-2: Foul Ball, location: 2F
2-2: Ground out 4-3 (Groundball, 34)
Batting: LHB Dave Watson 0-0: Called Strike
0-1: SINGLE (Groundball, 4) (infield hit)
Pitching: RHP Kimitada Takai
Batting: LHB Junior Coates 0-0: Ball
1-0: Ball
2-0: Ball
3-0: Base on Balls
Dave Watson to second
Batting: SHB Tim Reid 0-0: SINGLE (Flyball, 7LM)
Dave Watson to third
Junior Coates to second
Batting: RHB Roberto Cardona 0-0: Ball
1-0: Called Strike
1-1: Ball
2-1: Fly out, F8 (Flyball, 8RD)
Runner from 3rd tags up, OUT at HOME
Top of the 6th over - 0 runs, 2 hits, 0 errors, 2 left on base; St. Louis 4 - Nashville 1
BOTTOM OF THE 6TH
Nashville G-Strings batting - Pitching for St. Louis Browns : LHP Bernardo Miranda
Batting: RHB Eric Thompson 0-0: Ball
1-0: Called Strike
1-1: Foul Ball, location: 2F
1-2: Fly out, F8 (Flyball, 8RD)
Batting: RHB Jesús Cabrera 0-0: Swinging Strike
0-1: Ball
1-1: Fly out, F9 (Flyball, 89S)
Batting: RHB Sergio Márquez 0-0: DOUBLE (Line Drive, 89XD)
Batting: SHB Rob Grun 0-0: Called Strike
0-1: Swinging Strike
0-2: Ball
1-2: Ball
2-2: Foul Ball, location: 2F
2-2: Ground out 3-1 (Groundball, 34S)
Bottom of the 6th over - 0 runs, 1 hit, 0 errors, 1 left on base; St. Louis 4 - Nashville 1
TOP OF THE 7TH
St. Louis Browns batting - Pitching for Nashville G-Strings : RHP Kimitada Takai
Batting: RHB Jeff Jones 0-0: Ball
1-0: Ball
2-0: Ball
3-0: Called Strike
3-1: Ground out 5-3 (Groundball, 56S)
Batting: RHB Carlos Alfaro 0-0: Fly out, F8 (Flyball, 8RS)
Batting: LHB Norberto Muńóz 0-0: Called Strike
0-1: Swinging Strike
0-2: Fly out, F2 (Popup, 2RF)
Top of the 7th over - 0 runs, 0 hits, 0 errors, 0 left on base; St. Louis 4 - Nashville 1
BOTTOM OF THE 7TH
Nashville G-Strings batting - Pitching for St. Louis Browns : LHP Bernardo Miranda
Pitching: RHP Juan Franco
Batting: LHB Bob Cunningham 0-0: Ball
1-0: Called Strike
1-1: Foul Ball, location: 2F
1-2: Foul Ball, location: 2F
1-2: Ball
2-2: SINGLE (Groundball, 5D)
Batting: SHB Jorge Flores 0-0: Ball
1-0: Called Strike
1-1: Fly out, F5 (Line Drive, 56)
Batting: SHB Ricardo Arévalo 0-0: Called Strike
Bob Cunningham is caught stealing 2nd base
0-1: Ball
1-1: Foul Ball, location: 2F
1-2: Ball
2-2: Ball
3-2: Fly out, F9 (Flyball, 9)
Bottom of the 7th over - 0 runs, 1 hit, 0 errors, 0 left on base; St. Louis 4 - Nashville 1
TOP OF THE 8TH
St. Louis Browns batting - Pitching for Nashville G-Strings : RHP Kimitada Takai
Batting: LHB Robin Hill 0-0: Ball
1-0: Ball
2-0: Ground out 4-3 (Groundball, 4)
Batting: LHB Miguel Medellín 0-0: Called Strike
0-1: Ball
1-1: Foul Ball, location: 2F
1-2: Foul Ball, location: 2F
1-2: Fly out, F5 (Line Drive, 5L)
Batting: LHB Dave Watson 0-0: Reached on error, E5 (Groundball, 56)
Pitching: LHP Raúl Sandoval
Batting: LHB Junior Coates 0-0: Fly out, F5 (Popup, 56S)
Top of the 8th over - 0 runs, 0 hits, 1 error, 1 left on base; St. Louis 4 - Nashville 1
BOTTOM OF THE 8TH
Nashville G-Strings batting - Pitching for St. Louis Browns : RHP Juan Franco
Batting: LHB Miguel Rivería 0-0: Called Strike
0-1: Ball
1-1: Ball
2-1: Ball
3-1: Called Strike
3-2: Foul Ball, location: 2F
3-2: Base on Balls
Batting: RHB Vicente Aguirre 0-0: Foul Ball, location: 2F
0-1: Ball
1-1: Foul Ball, location: 2F
1-2: SINGLE (Groundball, 4MD)
Miguel Rivería to second
Batting: RHB Eric Thompson 0-0: Ball
1-0: Grounds into double play, 6-4-3 (Groundball, 6)
Miguel Rivería to third
Batting: RHB Jesús Cabrera 0-0: Called Strike
0-1: Foul Ball, location: 2F
0-2: SINGLE (Line Drive, 6MD)
Miguel Rivería scores
Batting: RHB Sergio Márquez 0-0: Called Strike
0-1: Swinging Strike
0-2: Ball
1-2: Ball
2-2: Ball
3-2: Base on Balls
Jesús Cabrera to second
Batting: SHB Rob Grun 0-0: Ball
1-0: Called Strike
1-1: 3-RUN HOME RUN (Flyball, 89XD), Distance : 467 ft
Pitching: LHP Juan Ortíz
Batting: LHB Bob Cunningham 0-0: Called Strike
0-1: Foul Ball, location: 2F
0-2: Fly out, F7 (Flyball, 7LMF)
Bottom of the 8th over - 4 runs, 3 hits, 0 errors, 0 left on base; St. Louis 4 - Nashville 5
TOP OF THE 9TH
St. Louis Browns batting - Pitching for Nashville G-Strings : LHP Raúl Sandoval
Pitching: RHP Mario Machado
Pinch Hitting: RHB Pepe Carrasco 0-0: Ball
1-0: Ball
2-0: Ball
3-0: Called Strike
3-1: Base on Balls
Batting: RHB Roberto Cardona 0-0: Ball
1-0: Bunted foul
1-1: Ball
2-1: Bunted foul
2-2: Strikes out swinging
Batting: RHB Jeff Jones 0-0: Ball
1-0: Ball
2-0: Ball
3-0: Called Strike
3-1: Base on Balls
Pepe Carrasco to second
Batting: RHB Carlos Alfaro 0-0: Called Strike
0-1: Foul Ball, location: 2F
0-2: Ball
1-2: Foul Ball, location: 2F
1-2: Foul Ball, location: 2F
1-2: Foul Ball, location: 2F
1-2: Grounds into double play, 6-4-3 (Groundball, 6)
Top of the 9th over - 0 runs, 0 hits, 0 errors, 1 left on base; St. Louis 4 - Nashville 5
Saturday, April 7th, 2018 - OOTP Baseball 18.8 Build 76